 Dungeon Crawl Stone Soup version 0.28-a0-724-g66f9036eb4 (webtiles) character file.

Game seed: 5066458424266628625

154221 flotson the Nimble (level 17, -4/137 HPs)
             Began as a Demonspawn Delver on Oct 26, 2021.
             Was an Initiate of Gozag.
             Killed from afar by a deep elf elementalist (6 damage)
             ... with a fireball
             ... on level 3 of the Elven Halls.
             The game lasted 01:18:26 (41199 turns).

flotson the Nimble (Demonspawn Delver)             Turns: 41199, Time: 01:18:28

Health: -4/137     AC: 28    Str: 19    XL:     17   Next: 6%
Magic:  8/8        EV: 19    Int: 13    God:    Gozag
Gold:   1937       SH: 19    Dex: 14    Spells: 16/16 levels left

rFire   + + +      SeeInvis +   a - +8 broad axe "Zuabanag" {vorpal, *Noise rElec rCorr MP-9}
rCold   + + .      Faith    .   H - +2 shield of Resistance {rF++ rC++ Will++}
rNeg    + . .      Spirit   .   Q - +0 pearl dragon scales
rPois   +          Reflect  +   (helmet unavailable)
rElec   +          Harm     .   K - +2 cloak {rPois}
rCorr   +          Rampage  .   v - +0 pair of gloves
Will    +++..                   N - +2 pair of boots {Stlth+}
Stlth   ++........              M - amulet of reflection
HPRegen 0.32/turn               O - ring of see invisible
MPRegen 0.11/turn               f - +4 ring of evasion

@: studying 2 skills
A: horns 3, molten scales 3, icemail 1, spiny 1, condensation shield
a: Renounce Religion, Potion Petition, Call Merchant, Bribe Branch


You were on level 3 of the Elven Halls.
You worshipped Gozag.
Gozag was most pleased with you.
You visited 5 branches of the dungeon, and saw 27 of its levels.
You also visited: Gauntlet.

You collected 7691 gold pieces.
You spent 4444 gold pieces at shops.
You paid 1310 gold pieces to Gozag.

Inventory:

Hand Weapons
 a - the +8 broad axe "Zuabanag" (weapon) {vorpal, *Noise rElec rCorr MP-9}
   (You acquired it on level 2 of the Lair of Beasts)

   It inflicts extra damage upon your enemies.
   rElec:     It insulates you from electricity.
   MP:        It affects your magic capacity (-9).
   *Noise:    It may make noises in combat.
   rCorr:     It protects you from acid and corrosion.
 b - a +0 hand crossbow of freezing
Missiles
 j - 3 curare-tipped darts (quivered)
 u - 140 bolts
 C - 6 silver javelins
 D - 2 boomerangs of dispersal
 S - 9 atropa-tipped darts
 W - 4 silver boomerangs
Armour
 v - a +0 pair of gloves (worn)
 H - the +2 shield of Resistance (worn) {rF++ rC++ Will++}
   (You bought it in a shop on level 15 of the Dungeon)

   rF:        It greatly protects you from fire.
   rC:        It greatly protects you from cold.
   Will:      It greatly increases your willpower.
 K - a +2 cloak of poison resistance (worn)
 N - a +2 pair of boots of stealth (worn)
 Q - +0 pearl dragon scales (worn)
Jewellery
 f - a +4 ring of evasion (right hand)
 l - a +4 ring of protection
 y - a ring of flight
 M - an amulet of reflection (around neck)
 O - a ring of see invisible (left hand)
 V - an amulet of the acrobat
Wands
 g - a wand of digging (9)
 m - a wand of charming (19)
 w - a wand of flame (85)
 z - a wand of iceblast (20)
 L - a wand of acid (24)
 P - a wand of paralysis (36)
 R - a wand of mindburst (37)
Scrolls
 c - 3 scrolls of fog
 d - 5 scrolls of magic mapping
 e - 4 scrolls of fear
 o - 5 scrolls of blinking
 p - a scroll of holy word
 r - a scroll of torment
 A - 5 scrolls of vulnerability
 G - 12 scrolls of teleportation
 I - 4 scrolls of immolation
 J - a scroll of summoning
 U - 2 scrolls of silence
 Y - 9 scrolls of identify
Potions
 h - 3 potions of invisibility
 k - 7 potions of haste
 q - 3 potions of might
 s - 2 potions of mutation
 t - 6 potions of lignification
 x - a potion of berserk rage
 E - 4 potions of curing
 F - a potion of attraction
 T - 8 potions of heal wounds
 X - a potion of cancellation
Miscellaneous
 i - a condenser vane
 B - a box of beasts
 Z - a lightning rod (4/4)


   Skills:
 + Level 13.3 Fighting
 * Level 12.4 Axes
 + Level 5.7 Crossbows
 + Level 8.0 Throwing
 + Level 11.9 Armour
 + Level 14.6 Dodging
 - Level 4.5 Stealth
 + Level 11.0 Shields
 + Level 10.6 Evocations


You had 16 spell levels left.
You didn't know any spells.
Your spell library contained the following spells:

 Spells                   Type           Power      Damage    Failure   Level
 Beastly Appendage        Tmut           0%         N/A       82%         1
 Pain                     Necr           0%         1d4       82%         1
 Summon Small Mammal      Summ           0%         N/A       82%         1
 Blink                    Tloc           0%         N/A       91%         2
 Scorch                   Fire           0%         2d5       91%         2
 Slow                     Hex            0%         N/A       91%         2
 Wereblood                Tmut           0%         N/A       91%         2
 Call Canine Familiar     Summ           0%         N/A       99%         3
 Confusing Touch          Hex            0%         N/A       99%         3
 Dazzling Flash           Conj/Hex       0%         N/A       99%         3
 Lesser Beckoning         Tloc           0%         N/A       99%         3
 Portal Projectile        Hex/Tloc       0%         N/A       99%         3
 Spider Form              Tmut/Pois      0%         N/A       99%         3
 Summon Guardian Golem    Hex/Summ       0%         N/A       99%         3
 Vampiric Draining        Necr           0%         2d6       99%         3
 Airstrike                Air            0%         N/A       100%        4
 Animate Dead             Necr           0%         N/A       100%        4
 Flame Wave               Conj/Fire      0%         3d3       100%        4
 Hailstorm                Conj/Ice       0%         3d3       100%        4
 Ice Form                 Ice/Tmut       0%         N/A       100%        4
 Summon Lightning Spire   Summ/Air       0%         N/A       100%        4
 Agony                    Necr           0%         N/A       100%        5
 Alistair's Intoxication  Tmut/Pois      0%         N/A       100%        5
 Blade Hands              Tmut           0%         N/A       100%        5
 Borgnjor's Vile Clutch   Necr/Erth      0%         N/A       100%        5
 Excruciating Wounds      Necr           0%         N/A       100%        5
 Iskenderun's Battlesphe  Conj           0%         2d6       100%        5
 Lightning Bolt           Conj/Air       0%         1d11      100%        5
 Manifold Assault         Tloc           0%         N/A       100%        5
 Silence                  Hex/Air        0%         N/A       100%        5
 Summon Forest            Summ/Tloc      0%         N/A       100%        5
 Summon Mana Viper        Hex/Summ       0%         N/A       100%        5
 Yara's Violent Unravell  Hex/Tmut       0%         3d3       100%        5
 Death Channel            Necr           0%         N/A       100%        6
 Eringya's Noxious Bog    Tmut/Pois      0%         N/A       100%        6
 Iron Shot                Conj/Erth      0%         9d1       100%        6
 Simulacrum               Ice/Necr       0%         N/A       100%        6
 Summon Cactus Giant      Summ           0%         N/A       100%        6
 Spellforged Servitor     Conj/Summ      0%         N/A       100%        7


Dungeon Overview and Level Annotations

Branches:
Dungeon (15/15)            Temple (1/1) D:4            Lair (6/6) D:9
  Swamp (0/4) Lair:3        Snake (0/4) Lair:2        Slime (0/5) Lair:6
    Orc (2/2) D:10            Elf (3/3) Orc:2        Vaults (0/5) D:13
 Depths (0/4) D:15        Gauntlet (visited)

Altars:
Ashenzari
Cheibriados
Dithmenos
Elyvilon
Fedhas
Gozag
Hepliaklqana
Kikubaaqudgha
Makhleb
Nemelex Xobeh
Okawaru
Qazlal
Ru
Sif Muna
Trog
Uskayaw
Vehumet
Wu Jian
Xom
Yredelemnul
Zin
The Shining One
Beogh

Shops:
D:2 [   D:5 [   D:14 :   D:15 [[   Orc:2 (*[(   Elf:1 !   Elf:3 *

Annotations:
D:3 Sigmund
Elf:2 1 runed translucent door, Zasomp's ghost, veteran MiFi


Innate Abilities, Weirdness & Mutations

You have a pair of large horns on your head.
You are completely covered in molten scales. (AC +4, rF+)
A meltable icy envelope protects you from harm. (AC +0)
You are partially covered in sharp spines.
A meltable shield of frost defends you. (SH +0)


Message History

You closely miss the sixfirhy.
Your broad axe "Zuabanag" complains about the scenery.
The sixfirhy is almost dead.
You hit the deep elf demonologist. You slash the smoke demon!
You hit the deep elf annihilator.
You hear a shout!
You block the sixfirhy's attack.
A deep elf sorcerer comes into view. It is wielding a +0 long sword.
You block the deep elf demonologist's attack.
The smoke demon barely misses you. You block the smoke demon's attack.
The smoke demon misses you.
You block the deep elf annihilator's attack.
You slash the sixfirhy!
You kill the sixfirhy!
The sixfirhy disappears in a puff of smoke!
You hit the deep elf demonologist. You closely miss the smoke demon.
You slash the deep elf annihilator!
The deep elf sorcerer becomes larger for a moment.
The deep elf demonologist casts a spell.
The deep elf annihilator casts a spell at you.
The iron shot hits you!!! You block the smoke demon's attack.
The smoke demon hits you but does no damage.
The smoke demon closely misses you.
You are too injured to fight recklessly!
Unknown command.
You are too injured to fight recklessly!
Unknown command.
You are too injured to fight recklessly!
The deep elf annihilator points at you and mumbles some strange words.
The crystal spear hits you!!!
* * * LOW HITPOINT WARNING * * *
You block the hellion's attack.
The deep elf elementalist hits you but does no damage.
The deep elf demonologist mumbles some strange words.
The deep elf elementalist casts a spell at you.
The fireball explodes!
The fireball engulfs you.
Your icy defenses dissipate!
You resist.
You die...
Your body crumbles into a pile of gold.

###..'....).......## #.#
####'#......)......#####.######.
...........)........'...........
....................###########.
..........<........##
.............##))[##
.....#........#..)##
#...#########.#.#..## ###'#
##.@...# #.# ####...## ##.#
#..2eee.#### #..# #...31.....##
#..# #((.(..§.$..###.☼ #..#
#(.#....$.....E○. ##''#
#++##.#..(''###.. #...#
###..e..# #...# ##$#(#


You could see a deep elf annihilator, an Executioner (summoned), a deep elf
sorcerer, a deep elf elementalist (fast, repels missiles), a deep elf
demonologist and a smoke demon (summoned).

Vanquished Creatures
  Jorgrun (Orc:2)
  2 deep elf blademasters (Elf:2)
  A deep elf master archer (Elf:3)
  2 frost giants
  4 deep elf elementalists
  The ghost of Ucuahorph the Devastator, a journeyman DsCj of Qazlal (Lair:6)
  2 deep elf demonologists (Elf:2)
  6 deep elf annihilators
  A minotaur (Gauntlet)
  Snorg (Orc:2)
  2 deep elf death magi (Elf:3)
  3 deep elf high priests
  A rakshasa (D:15)
  An ice dragon (D:12)
  6 hydras
  4 boulder beetles
  Erolcha (D:13)
  4 centaur warriors
  An ogre mage (D:13)
  8 two-headed ogres
  9 orc high priests
  2 tengu warriors (D:15)
  A death knight (D:15)
  Urug (D:13)
  14 deep elf knights
  Sonja (D:13)
  A sixfirhy (Gauntlet)
  A skeletal warrior (D:15)
  A lindwurm (Lair:6)
  4 bog bodies (Lair:3)
  13 deep elf archers
  2 phantasmal warriors
  Pikel (D:5)
  27 deep elf pyromancers
  A wizard (D:14)
  An orc knight (Orc:1)
  A harpy (shapeshifter) (D:15)
  A necromancer (Lair:5)
  A wolf spider (D:15)
  24 deep elf zephyrmancers
  An orc sorcerer (Orc:2)
  An oklob plant (Lair:3)
  11 ugly things
  4 cyclopes
  2 manticores
  4 centaur zombies (D:11)
  4 elephants (Lair:4)
  An ice statue (D:12)
  3 black mambas
  A gargoyle (D:12)
  19 cane toads
  Maggie (D:7)
  An unseen horror (D:12)
  Psyche (D:11)
  3 rime drakes
  An efreet (D:14)
  12 komodo dragons
  A yaktaur (shapeshifter) (D:14)
  3 polar bears
  5 trolls
  2 tyrant leeches (Lair:6)
  2 hornets
  20 blink frogs
  15 slime creatures
  2 air elementals (Elf:3)
  3 water elementals
  3 shadows
  39 yaks
  4 wyverns
  A vampire (D:11)
  4 wraiths
  2 fire elementals (Elf:2)
  9 vampire mosquitoes
  9 basilisks
  A steam dragon (D:9)
  4 wargs
  Edmund (D:4)
  5 nagas (Lair:2)
  An acid dragon (D:12)
  3 swamp worms
  9 water moccasins
  26 orc warriors
  3 black bears
  11 ice beasts (D:12)
  7 ogres
  18 wolves
  7 centaurs
  4 phantoms
  2 kobold brigands (D:9)
  17 bullfrogs
  A gnoll sergeant (D:7)
  2 earth elementals
  2 scorpions
  12 killer bees
  5 howler monkeys
  6 wights
  13 electric eels
  A bullfrog zombie (D:6)
  2 hounds
  Crazy Yiuf (D:7)
  3 jellies
  34 orc priests
  2 centaur skeletons
  A gnoll shaman (D:4)
  Natasha (thrice) (D:4)
  7 iguanas
  A scorpion zombie (D:5)
  24 orc wizards
  3 polar bear simulacra (Lair:5)
  A killer bee zombie (D:6)
  4 wolf simulacra (Lair:5)
  6 ogre zombies (D:10)
  A hound zombie (D:5)
  4 howler monkey zombies
  Robin (D:3)
  4 gnolls
  6 adders
  2 shadow imps (D:6)
  5 ufetubi
  An adder zombie (D:5)
  A worm (D:4)
  2 dart slugs
  82 orcs
  2 ball pythons
  10 endoplasms
  4 giant cockroaches
  13 goblins
  11 hobgoblins
  8 jackals
  3 quokkas
  7 bats
  5 frilled lizards
  2 goblin zombies (D:10)
  A hobgoblin skeleton (D:10)
  2 hobgoblin zombies (D:10)
  13 kobolds
  14 orc zombies (D:10)
  2 rats (D:1)
  4 river rat simulacra (Lair:5)
816 creatures vanquished.

Vanquished Creatures (others)
  21 dancing weapons
  A deep elf pyromancer (Elf:3)
  Maurice (D:7)
  A water elemental (Elf:3)
  An orc (D:11)
  A demonic plant (Gauntlet)
  37 fungi
  129 plants
  2 withered plants (Lair:6)
194 creatures vanquished.

Grand Total: 1010 creatures vanquished

Notes
Turn   | Place    | Note
-------+----------+-------------------------------------------
     0 | D:5      | flotson the Demonspawn Delver began the quest for the Orb.
     0 | D:5      | Reached XP level 1. HP: 18/18 MP: 1/1
    18 | D:4      | Noticed a gnoll shaman
    92 | D:5      | Reached skill level 1 in Armour
    92 | D:5      | Reached skill level 2 in Dodging
    92 | D:5      | Gained mutation: You are partially covered in molten
                  | scales. (AC +2) [demonic ancestry]
    92 | D:5      | Reached XP level 2. HP: 14/24 MP: 2/2
    92 | D:5      | Reached XP level 3. HP: 16/29 MP: 3/3
  1228 | D:1      | Gained mutation: You are mostly covered in molten scales.
                  | (AC +3) [demonic ancestry]
  1228 | D:1      | Reached XP level 4. HP: 33/35 MP: 4/4
  1251 | D:1      | Found a faded altar of an unknown god.
  1885 | D:2      | Found Jecyg's Armour Shoppe.
  2861 | D:3      | Gained mutation: You have a pair of small horns on your
                  | head. [demonic ancestry]
  2861 | D:3      | Reached XP level 5. HP: 30/42 MP: 5/5
  3098 | D:3      | Noticed Sigmund
  3515 | D:3      | Noticed Robin
  3549 | D:3      | Killed Robin
  4208 | D:4      | Reached skill level 3 in Dodging
  4242 | D:4      | Found a staircase to the Ecumenical Temple.
  4252 | Temple   | Entered the Ecumenical Temple
  4651 | D:4      | Noticed Natasha
  4660 | D:4      | Killed Natasha
  4895 | D:4      | Reached XP level 6. HP: 41/48 MP: 6/6
  5072 | D:4      | Reached skill level 1 in Evocations
  5077 | D:4      | Found a bloodstained altar of Trog.
  5077 | D:4      | Found a broken altar of Ashenzari.
  5090 | D:4      | Found a shimmering altar of Xom.
  5093 | D:4      | Found a snail-covered altar of Cheibriados.
  5173 | D:5      | Found Ebairyru's Armour Boutique.
  5228 | D:5      | Noticed Edmund
  5902 | D:2      | Found Jecyg's Armour Shoppe.
  7068 | D:4      | Noticed Natasha
  7074 | D:4      | Killed Natasha
  7168 | D:4      | Found a bloodstained altar of Trog.
  7168 | D:4      | Found a broken altar of Ashenzari.
  7179 | D:4      | Found a shimmering altar of Xom.
  7183 | D:4      | Found a snail-covered altar of Cheibriados.
  7205 | D:4      | Noticed Natasha
  7210 | D:4      | Killed Natasha
  8232 | D:5      | Gained mutation: A meltable shield of frost defends you.
                  | (SH +0) [demonic ancestry]
  8232 | D:5      | Reached XP level 7. HP: 17/55 MP: 7/7
  8737 | D:5      | Noticed Pikel
  8845 | D:4      | Killed Edmund
  8983 | D:5      | Reached skill level 5 in Fighting
  9027 | D:5      | Reached skill level 4 in Dodging
  9291 | D:5      | Gained mutation: You are partially covered in sharp spines.
                  | [demonic ancestry]
  9291 | D:5      | Reached XP level 8. HP: 36/62 MP: 8/8
  9488 | D:5      | Killed Pikel
  9951 | D:6      | Reached skill level 5 in Axes
  9951 | D:6      | Reached skill level 5 in Dodging
 10045 | D:6      | Reached skill level 1 in Throwing
 10159 | D:5      | Reached skill level 1 in Shields
 10159 | D:5      | Reached XP level 9. HP: 63/69 MP: 9/9
 10936 | D:7      | Reached skill level 5 in Armour
 10992 | D:7      | Noticed Maggie
 11011 | D:7      | Killed Maggie
 11504 | D:7      | Reached skill level 1 in Crossbows
 11552 | D:7      | Found a runed translucent door.
 11553 | D:7      | Noticed Crazy Yiuf
 11560 | D:7      | Killed Crazy Yiuf
 11781 | D:5      | Bought a +2 cloak of poison resistance for 185 gold pieces
 11928 | D:8      | Noticed Maurice
 11959 | D:7      | Killed Maurice
 11960 | D:7      | Reached skill level 6 in Dodging
 11960 | D:7      | Gained mutation: You are completely covered in molten
                  | scales. (AC +4, rF+) [demonic ancestry]
 11960 | D:7      | Reached XP level 10. HP: 34/79 MP: 10/10
 12227 | D:8      | Noticed a two-headed ogre
 12235 | D:8      | Killed a two-headed ogre
 13268 | D:8      | Found an opulent altar of Gozag.
 13283 | D:8      | Became a worshipper of Gozag Ym Sagoz the Greedy
 13856 | D:9      | Found an ancient bone altar of Kikubaaqudgha.
 14131 | D:9      | Noticed a deep elf pyromancer
 14256 | D:9      | Killed a deep elf pyromancer
 14257 | D:9      | Reached XP level 11. HP: 62/86 MP: 11/11
 14507 | D:9      | Found a staircase to the Lair.
 14686 | Lair:1   | Entered Level 1 of the Lair of Beasts
 14864 | Lair:1   | Reached skill level 7 in Dodging
 15954 | Lair:1   | Reached skill level 5 in Throwing
 15954 | Lair:1   | Reached skill level 5 in Shields
 16408 | Lair:2   | Found a staircase to the Snake Pit.
 16641 | Lair:2   | Identified a scroll of acquirement
 16642 | Lair:2   | Acquired the +8 broad axe "Zuabanag" {vorpal, *Noise rElec
                  | rCorr MP-9}
 17263 | Lair:2   | Noticed a four-headed hydra
 17274 | Lair:2   | Killed a four-headed hydra
 17943 | Lair:3   | Reached XP level 12. HP: 91/94 MP: 3/12
 18056 | Lair:3   | Acquired a manual of Dodging
 18330 | Lair:3   | Reached skill level 8 in Dodging
 18748 | Lair:3   | Found a staircase to the Swamp.
 19078 | Lair:4   | Noticed a six-headed hydra
 19560 | Lair:4   | Reached skill level 9 in Dodging
 19671 | Lair:4   | Acquired the +2 crystal plate armour "Feov" {-Cast rPois
                  | Regen+}
 19723 | Lair:4   | Noticed a six-headed hydra
 19739 | Lair:4   | Killed a six-headed hydra
 19957 | Lair:4   | Identified the +3 robe "Mohi Qoq" {Str-3 Slay+4 Stlth-
                  | Archmagi}
 20071 | Lair:4   | Killed a six-headed hydra
 20302 | Lair:5   | Reached skill level 5 in Evocations
 20467 | Lair:5   | Gained mutation: A meltable icy envelope protects you from
                  | harm. (AC +0) [demonic ancestry]
 20467 | Lair:5   | Reached XP level 13. HP: 91/103 MP: 4/13
 20631 | Lair:5   | Reached skill level 10 in Fighting
 20910 | Lair:6   | Entered Level 6 of the Lair of Beasts
 20936 | Lair:6   | Reached skill level 10 in Dodging
 21259 | Lair:6   | Found a runed translucent door.
 21260 | Lair:6   | Noticed Ucuahorph's ghost (journeyman DsCj)
 21413 | Lair:6   | Found a staircase to the Slime Pits.
 21556 | Lair:6   | Reached skill level 11 in Dodging
 22032 | Lair:6   | Killed Ucuahorph's ghost
 22216 | D:10     | Entered Level 10 of the Dungeon
 22362 | D:10     | Found a radiant altar of Vehumet.
 22664 | D:5      | Bought the +14 plate armour of the Saviour {rPois} for 1029
                  | gold pieces
 22839 | D:10     | Found a staircase to the Orcish Mines.
 22997 | D:10     | Found an iron altar of Okawaru.
 23523 | Orc:1    | Entered Level 1 of the Orcish Mines
 23535 | Orc:1    | Reached XP level 14. HP: 69/111 MP: 5/14
 23935 | Orc:2    | Entered Level 2 of the Orcish Mines
 23935 | Orc:2    | Found a staircase to the Elven Halls.
 24550 | Orc:1    | Reached skill level 10 in Axes
 25720 | Orc:2    | Noticed Jorgrun
 25836 | Orc:2    | Killed Jorgrun
 26386 | Orc:2    | Found Aculum's Antique Weapon Emporium.
 26386 | Orc:2    | Found Godaom's Assorted Antiques.
 26400 | Orc:2    | Bought a potion of heal wounds for 105 gold pieces
 26400 | Orc:2    | Bought a potion of heal wounds for 105 gold pieces
 26400 | Orc:2    | Bought a scroll of blinking for 157 gold pieces
 26487 | Orc:2    | Found Dise's Weapon Shop.
 26487 | Orc:2    | Found Joegruon's Armour Emporium.
 27154 | Orc:1    | Noticed Snorg
 27244 | Orc:2    | Killed Snorg
 27372 | Orc:1    | Reached skill level 12 in Dodging
 27597 | D:11     | Noticed Psyche
 27606 | D:11     | Killed Psyche
 27607 | D:11     | Reached skill level 10 in Armour
 27839 | D:11     | Identified the +11 halberd "Ogyf" {vorpal, SInv}
 28505 | D:12     | Acquired a +2 pair of boots of stealth
 29313 | D:12     | Noticed a frost giant
 29345 | D:12     | Killed a frost giant
 29503 | D:13     | Found a gate leading to a gauntlet.
 29503 | D:13     | Noticed Sonja
 29509 | D:13     | Killed Sonja
 29522 | Gauntlet | Entered a Gauntlet
 29522 | Gauntlet | Found a transporter.
 29522 | Gauntlet | Found a transporter.
 29535 | Gauntlet | Found a transporter.
 29553 | Gauntlet | Found a transporter.
 29553 | Gauntlet | Found a transporter.
 29556 | Gauntlet | Found a transporter.
 29556 | Gauntlet | Found a transporter.
 29557 | Gauntlet | Found a transporter.
 29568 | Gauntlet | Found a transporter.
 29586 | Gauntlet | Found a transporter.
 29596 | Gauntlet | Found a transporter.
 29611 | Gauntlet | Found a transporter.
 29632 | Gauntlet | Found a transporter.
 29645 | Gauntlet | Found a transporter.
 29684 | Gauntlet | Identified the +0 plate armour of Beahad {Drain +Inv rCorr
                  | Dex-5}
 29747 | Gauntlet | Identified the +1 chain mail of Pride {Will- Regen+ rCorr
                  | Stlth+}
 29774 | Gauntlet | Identified the +1 chain mail of the Equinox {Dex+2 SInv}
 29827 | D:13     | Noticed Urug
 29833 | D:13     | Killed Urug
 29846 | D:13     | Found a gate to the Vaults.
 29855 | D:13     | Paralysed by an ogre mage for 7 turns
 29941 | D:13     | Noticed Erolcha
 29960 | D:13     | Killed Erolcha
 29961 | D:13     | Gained mutation: You have a pair of horns on your head.
                  | [demonic ancestry]
 29961 | D:13     | Reached XP level 15. HP: 114/120 MP: 6/15
 30978 | D:14     | Found Toaff's Self-Improvement Boutique.
 31541 | D:14     | Reached skill level 13 in Dodging
 31640 | D:15     | Entered Level 15 of the Dungeon
 33086 | D:15     | Found a staircase to the Depths.
 33086 | D:15     | Noticed a frost giant
 33587 | D:15     | Killed a frost giant
 33811 | D:15     | Bought the +2 shield of Resistance {rF++ rC++ Will++} for
                  | 2206 gold pieces
 33811 | D:15     | Found the +2 shield of Resistance {rF++ rC++ Will++}
 33830 | D:15     | Bought a glowing cloak for 255 gold pieces
 34027 | Elf:1    | Entered Level 1 of the Elven Halls
 34158 | Elf:1    | Reached skill level 10 in Shields
 35556 | Elf:1    | Found Zicluygi's Distillery.
 35564 | Elf:1    | Bought a potion of heal wounds for 70 gold pieces
 35731 | Elf:1    | Found a shimmering blue altar of Sif Muna.
 35762 | Elf:2    | Noticed an ancient champion
 35763 | Elf:2    | Found a runed translucent door.
 35766 | Elf:2    | Noticed Zasomp's ghost (veteran MiFi)
 35819 | Elf:2    | Reached XP level 16. HP: 81/129 MP: 7/16
 36312 | Elf:2    | Found a runed translucent gate.
 36313 | Elf:2    | Found a runed translucent gate.
 36313 | Elf:2    | Found a runed translucent gate.
 36394 | Elf:2    | Noticed a deep elf blademaster
 37599 | Elf:2    | Reached skill level 14 in Dodging
 38347 | Elf:2    | Killed a deep elf blademaster
 38430 | Elf:2    | Reached skill level 10 in Evocations
 39359 | Elf:3    | Entered Level 3 of the Elven Halls
 39727 | Elf:3    | Acquired a manual of Crossbows
 40083 | Elf:3    | Reached skill level 5 in Crossbows
 40097 | Elf:3    | Found Ugga's General Store.
 40112 | Elf:3    | Bought a scroll of summoning for 180 gold pieces
 40112 | Elf:3    | Bought a potion of cancellation for 152 gold pieces
 40232 | Elf:3    | Paralysed by an air elemental for 1 turns
 40234 | Elf:3    | Paralysed by an air elemental for 1 turns
 40448 | Elf:3    | Noticed a deep elf blademaster
 40471 | Elf:2    | Killed a deep elf blademaster
 40649 | Elf:3    | Noticed a Brimstone Fiend
 40915 | Elf:3    | Noticed an Executioner
 41011 | Elf:3    | Gained mutation: You have a pair of large horns on your
                  | head. [demonic ancestry]
 41011 | Elf:3    | Reached XP level 17. HP: 137/137 MP: 8/17
 41060 | Elf:3    | Noticed a deep elf master archer
 41064 | Elf:3    | Killed a deep elf master archer
 41198 | Elf:3    | HP: 1/137 [deep elf annihilator/crystal spear (48)]
 41199 | Elf:3    | Killed from afar by a deep elf elementalist

Illustrated notes

Levels and vault maps discovered:
D:1:      minmay_arrival_widening_spiral_narrow, layout_basic,
          chequers_ecumenical_altar_simple, st_stairs_2
D:2:      layout_rooms, serial_shops, shop_fountains, interstate_on_off
D:3:      layout_loops_corners, lemuel_tele_altar, minmay_bisected, uniq_robin,
          uniq_sigmund
D:4:      layout_basic, minmay_overflow_temple_star_hex,
          minmay_temple_entry_junction_2, st_stairs_1, kennysheep_nub,
          uniq_natasha
D:5:      layout_loops_corners, serial_shops, shop, uniq_pikel, uniq_edmund
D:6:      layout_gridville, lemuel_old_faithful
D:7:      layout_gridville, chequers_mini_garden, uniq_maggie,
          uniq_crazy_yiuf_cottage
D:8:      layout_loops_corners, grunt_temple_overflow_gold_and_silver,
          serial_glass, glass_columns_b, glass_columns_b, glass_columns_b,
          glass_columns_a, glass_columns_a, kennysheep_cluttered_room,
          chequers_arboretum, minmay_misc_feat_chi, minmay_manual_macuahuitl,
          uniq_maurice
D:9:      minmay_clustersquares, layout_loops_ring, kiku_gazebo_pond_becter,
          david_lair_shrubbed
D:10:     layout_basic, general_overflow_altar, kennysheep_okawaru_gauntlet,
          zombieorc1_lemuel, chequers_serial_rivers_room_b,
          hangedman_abyss_or_decor_lesser_grid
D:11:     layout_irregular_city, serial_bayou_pond_b, uniq_psyche
D:12:     minmay_twisted_water, layout_loops_cross
D:13:     layout_gridville, david_vaults_2, gauntlet_entry_generic,
          uniq_erolcha, uniq_sonja, uniq_urug
D:14:     layout_grid_maze, roderic_roman_lattice, corner_web_ring,
          chequers_serial_rivers_micro_a, nicolae_shop_self_help
D:15:     grunt_enter_depths_snipers, layout_stronghold,
          hangedman_decor_diamond_cutter
Temple:   minmay_temple_curvy_loop
Lair:1:   layout_layer_cave, grunt_megastairs_1
Lair:2:   layout_gridlike, minmay_snake_entry_guardpost_medium
Lair:3:   layout_roguey, nicolae_swamp_entry_splash_gauntlet
Lair:4:   layout_cave_pods
Lair:5:   layout_misc_corridors, eino_house_with_fridge, serial_bayou_shore_a,
          lemuel_fruit_tree
Lair:6:   minmay_lair_end_frog_pond, layout_long_grid,
          minmay_slime_entry_pillars, gammafunk_ghost_grave
Orc:1:    layout_caves, uniq_snorg
Orc:2:    st_orc_town, layout_caves, special_room, uniq_jorgrun
Elf:1:    eino_elf_arrival_customs, layout_onion_city, serial_shops,
          nicolae_shop_stone, kennysheep_underground_church,
          lemuel_flamethrower_1, lemuel_upstairs_altar
Elf:2:    nicolae_elf_blades_crystal_corner, layout_geoelf_diagonals,
          hellmonk_ghost_big_iron
Elf:3:    minmay_elf_hall_four_x, layout_gridlike, serial_shops,
          nicolae_shop_behind_doors, st_stairs_13,
          minmay_checkered_concentric_circles

Skill      XL: |  1  2  3  4  5  6  7  8  9 10 11 12 13 14 15 16 17 |
---------------+----------------------------------------------------+-----
Axes           | 2 3 4 5 6 7 8 9 10 11 12 | 12.4
Armour         | 1 2 3 4 5 6 7 8 9 10 11 | 11.9
Dodging        | 2 3 4 5 6 7 9 11 12 13 14 | 14.6
Fighting       | 4 5 6 7 8 9 10 11 12 13 | 13.3
Evocations     | 2 3 4 5 6 8 9 10 | 10.6
Throwing       | 1 3 4 5 6 7 8 |  8.0
Shields        | 1 3 4 5 7 8 9 10 11 | 11.0
Crossbows      | 1 3 4 5 |  5.7
Stealth        | |  4.5

Action                   |  1- 3 |  4- 6 |  7- 9 | 10-12 | 13-15 | 16-18 || total
-------------------------+-------+-------+-------+-------+-------+-------++-------
Melee: Hand axe          |    31 |       |       |       |       |       ||    31
       Spear             |    75 |    40 |       |       |       |       ||   115
       Quarterstaff      |       |    73 |       |       |       |       ||    73
       Whip              |       |   125 |   209 |   339 |       |       ||   673
       Headbutt          |       |    35 |    48 |   116 |   233 |    69 ||   501
       Dagger            |       |    47 |     8 |       |       |       ||    55
       Dire flail        |       |       |    37 |       |       |       ||    37
       Battleaxe         |       |       |     9 |       |       |       ||     9
       Broad axe         |       |       |       |   171 |  1064 |   393 ||  1628
 Fire: Hand crossbow     |       |       |     4 |   151 |    69 |    29 ||   253
Throw: Dart              |       |       |     7 |     3 |     2 |     1 ||    13
       Javelin           |       |       |       |       |       |     9 ||     9
Invok: Call Merchant     |       |       |       |       |     2 |       ||     2
Evoke: Wand              |       |       |     1 |    10 |    21 |     2 ||    34
       Condenser vane    |       |       |       |       |     1 |       ||     1
       Lightning rod     |       |       |       |       |       |     3 ||     3
  Use: Potion            |     1 |     2 |     2 |     1 |     1 |       ||     7
       Scroll            |       |     1 |       |    14 |    12 |     2 ||    29
 Stab: Sleeping          |     6 |    10 |     5 |       |       |       ||    21
       Distracted        |       |     1 |     1 |     3 |    15 |       ||    20
       Paralysed         |       |       |       |     2 |     1 |       ||     3
Armor: Leather armour    |    28 |     8 |       |       |       |       ||    36
       Ring mail         |       |    95 |    49 |       |       |       ||   144
       Steam dragon scal |       |       |    16 |     1 |       |       ||    17
       Skin              |       |       |     1 |       |       |       ||     1
       Scale mail        |       |       |       |   141 |       |       ||   141
       Crystal plate arm |       |       |       |    74 |   133 |       ||   207
       Plate armour      |       |       |       |       |   410 |       ||   410
       Pearl dragon scal |       |       |       |       |    32 |   113 ||   145
Dodge: Dodged            |    55 |   152 |   135 |   262 |   469 |   171 ||  1244
Block: Other             |       |       |    21 |       |       |       ||    21
       Buckler           |       |       |    31 |       |       |       ||    31
       Kite shield       |       |       |    50 |   498 |   939 |   385 ||  1872
       Reflection        |       |       |       |       |    15 |    46 ||    61

Table legend: (Time is in decaauts)
 A = Elapsed time spent in this place.
 B = Non-inter-level travel time spent in this place.
 C = Inter-level travel time spent in this place.
 D = Time resting spent in this place.
 E = Time spent auto-exploring this place.
 F = Levels seen in this place.
 G = Mean time per level.
                   A        B        C        D        E       F      G
               +--------+--------+--------+--------+--------+-----+--------+
         Total |  41757 |  39849 |   1908 |   3709 |  28683 |  28 | 1491.3 |
       Dungeon |  22459 |  21038 |   1421 |   1223 |  15952 |  15 | 1497.3 |
        Temple |    211 |    189 |     22 |      0 |    186 |   1 |  211.0 |
          Lair |   7680 |   7447 |    233 |      2 |   5981 |   6 | 1280.0 |
  Orcish Mines |   3879 |   3760 |    119 |    862 |   2216 |   2 | 1939.5 |
   Elven Halls |   7244 |   7131 |    113 |   1622 |   4178 |   3 | 2414.7 |
      Gauntlet |    281 |    281 |      0 |      0 |    170 |   1 |  281.0 |
               +--------+--------+--------+--------+--------+-----+--------+

Top non-repeatable levels by time:
   Elf:2: 3295 daAuts
   Elf:1: 2688 daAuts
     D:5: 2590 daAuts
   Orc:1: 2532 daAuts
     D:2: 2152 daAuts
     D:4: 2048 daAuts
    D:15: 1995 daAuts
     D:3: 1852 daAuts
  Lair:1: 1658 daAuts
     D:8: 1567 daAuts
  Lair:2: 1553 daAuts
  Lair:4: 1428 daAuts
    D:14: 1420 daAuts
    D:10: 1406 daAuts
     D:9: 1368 daAuts
